Map: 필러스 오브 골드 - 래더

Players

Zest

  • Race: Protoss Protoss
  • Spawn Location: 1:00

Lambo - Winner!

  • Race: Zerg Zerg
  • Spawn Location: 7:00

Event: StayAtHomestory Cup #2

VOD

Have the link to the VOD?

Description

Time

  • Played on: June 11, 2020, 6:55 a.m.
  • Length: 10:57

All games in this series

Show
View Real Time Build Order
Export as new Build Order

Zest Protoss 

Build Orders: 1 Gate Expand, Archon Immortal, Mass Adepts, Archon Drop, Dark Templar Rush 

Get SALT Encoding   

  12  0:00  Probe  
  13  0:13  Probe  
  14  0:20  Pylon  
  14  0:25  Probe  
  15  0:34  Probe  
  15  0:41  Gateway  
  16  0:42  Probe  
  17  0:51  Assimilator  
  17  0:53  Probe  
  18  1:05  Probe  
  19  1:17  Probe  
  20  1:29  Nexus  
  20  1:38  Cybernetics Core  
  20  1:41  Probe  
  20  1:46  Assimilator  
  21  1:53  Probe  
  22  1:56  Pylon  
  22  2:03  Probe  
  22  2:04  Adept  
  23  2:11  Probe  
  23  2:15  Warp Gate  
  26  2:19  Probe  
  26  2:26  Twilight Council  
  26  2:28  Stalker  
  27  2:32  Probe  
  28  2:41  Probe  
  32  2:44  Probe  
  32  2:53  Robotics Facility  
  32  2:56  Probe  
  32  2:58  Probe  
  34  3:00  Resonating Glaives  
  34  3:06  Adept  
  34  3:10  Shield Battery  
  36  3:22  Gateway  
  36  3:28  Gateway  
  36  3:33  Warp Prism  
  36  3:36  Gateway  
  38  3:51  Dark Shrine  
  38  3:54  Probe x2  
  40  4:01  Gateway  
  40  4:05  Adept  
  42  4:13  Pylon  
  42  4:27  Adept x2  
  42  4:29  Pylon  
  42  4:31  Adept, Probe x2  
  50  4:40  Assimilator  
  50  4:56  Adept x4  
  50  4:59  Pylon  
  46  5:09  Probe x2  
  48  5:20  Dark Templar x2  
  52  5:21  Probe x2  
  54  5:28  Dark Templar  
  54  5:33  Probe x2  
  56  5:47  Probe  
  57  5:56  Probe  
  58  5:57  Assimilator  
  58  5:59  Probe, Dark Templar  
  58  6:02  Archon x2  
  58  6:04  Observer  
  61  6:05  Dark Templar  
  64  6:12  Nexus  
  64  6:15  Pylon  
  64  6:17  Pylon  
  64  6:19  Probe x2  
  66  6:29  Immortal  
  66  6:31  Probe x2  
  68  6:35  Blink  
  72  6:47  Gateway x2  
  72  6:50  Gateway  
  72  6:52  Probe x2, Shield Battery  
  74  6:59  Sentry x2, Pylon  
  78  7:06  Immortal  
  78  7:12  Probe x2  
  80  7:32  Probe x3, Dark Templar  
  80  7:33  Sentry, Zealot x2  
  80  7:36  Pylon  
  91  7:37  Archon  
  91  7:43  Gateway  
  91  7:44  Pylon  
  91  7:47  Probe x3  
  91  7:49  Observer  
  91  7:50  Forge  
  94  7:58  Sentry x3  
  100  8:00  Assimilator  
  100  8:01  Pylon  
  100  8:02  Stalker  
  100  8:03  Zealot, Stalker  
  106  8:09  Observer  
  106  8:10  Assimilator  
  106  8:14  Probe x3  
  110  8:26  Stalker x3  
  116  8:27  Stalker  
  117  8:35  Charge  
  117  8:40  Protoss Ground Weapons Level 1  
  113  8:45  Stalker x2  
  113  8:46  Stalker x3  
  119  8:55  Pylon  
  107  9:08  Stalker  
  107  9:09  Stalker x3  
  115  9:10  Zealot x3  
  115  9:15  Pylon  
  119  9:17  Immortal  
  123  9:34  Nexus  
  123  9:37  Pylon  
  123  9:48  Immortal  
  127  10:00  Stalker x2  
  127  10:01  Stalker x2  
  131  10:18  Dark Templar x3  
  131  10:19  Dark Templar x2  
  137  10:22  Archon x2  
  137  10:24  Dark Templar, Zealot  
  137  10:25  Zealot x2  
  145  10:45  Stalker x2  
  145  10:46  Stalker  
  137  10:53  Zealot x4  
Show
View Real Time Build Order
Export as new Build Order

Lambo Zerg - Winner!

Build Orders: Hatch First 

Get SALT Encoding   

  12  0:00  Drone  
  13  0:14  Overlord  
  13  0:18  Drone  
  14  0:33  Drone x2  
  16  0:46  Drone  
  17  0:53  Hatchery  
  16  0:58  Drone  
  16  1:02  Drone  
  18  1:11  Extractor  
  17  1:19  Spawning Pool  
  17  1:20  Drone  
  17  1:25  Drone  
  18  1:30  Drone  
  19  1:41  Drone  
  20  1:52  Overlord  
  20  2:07  Queen  
  22  2:12  Queen  
  22  2:13  Zergling x2  
  22  2:14  Zergling x2  
  27  2:15  Drone  
  27  2:16  Metabolic Boost  
  27  2:18  Drone  
  28  2:25  Drone  
  29  2:33  Drone  
  30  2:46  Hatchery  
  30  2:47  Zergling x2  
  30  2:48  Zergling x2  
  31  2:54  Drone  
  32  3:00  Overlord  
  32  3:03  Queen  
  34  3:09  Drone x2  
  36  3:19  Drone x4  
  40  3:22  Overlord  
  40  3:24  Drone  
  41  3:27  Drone  
  41  3:31  Drone  
  41  3:32  Overlord  
  43  3:41  Queen  
  43  3:45  Overlord  
  43  3:46  Drone  
  46  3:52  Drone x3  
  49  3:56  Drone x2  
  53  4:03  Roach Warren  
  53  4:08  Queen  
  52  4:10  Drone x2  
  52  4:12  Drone  
  52  4:13  Drone  
  52  4:17  Zergling x4  
  58  4:20  Zergling x4  
  58  4:24  Overlord  
  59  4:28  Zergling x8  
  63  4:33  Zergling x2, Overlord  
  63  4:38  Zergling x2  
  65  4:42  Zergling x6  
  65  4:43  Zergling x4  
  70  4:47  Spore Crawler  
  70  4:49  Overlord  
  64  4:56  Roach x3  
  62  5:02  Drone x4  
  62  5:06  Zergling x2  
  65  5:15  Spore Crawler  
  65  5:20  Drone  
  65  5:24  Spore Crawler  
  65  5:27  Drone  
  64  5:36  Drone x3  
  64  5:38  Drone  
  64  5:43  Drone  
  64  5:48  Drone  
  66  5:54  Drone x3  
  66  5:56  Drone  
  69  5:57  Drone  
  69  6:02  Drone x2  
  69  6:03  Drone  
  73  6:05  Extractor  
  73  6:07  Extractor  
  73  6:09  Evolution Chamber  
  73  6:10  Drone x2  
  72  6:12  Drone  
  72  6:16  Roach x2  
  77  6:22  Drone x3  
  78  6:26  Drone  
  78  6:28  Drone  
  78  6:30  Lair  
  80  6:33  Drone  
  80  6:35  Drone x6  
  80  6:37  Drone  
  88  6:43  Overlord  
  88  6:44  Overlord  
  88  6:46  Extractor  
  87  6:47  Extractor, Zerg Missile Weapons Level 1  
  87  6:51  Overlord  
  87  6:52  Overlord  
  86  6:57  Extractor  
  86  6:58  Overlord  
  86  6:59  Overlord  
  86  7:00  Overlord  
  87  7:03  Overlord  
  87  7:04  Drone x2  
  89  7:09  Drone  
  95  7:15  Drone x6  
  92  7:27  Roach x3  
  98  7:30  Baneling Nest  
  98  7:31  Roach  
  98  7:32  Roach x2  
  98  7:33  Overseer  
  98  7:35  Glial Reconstitution  
  105  7:37  Roach x2  
  105  7:42  Roach x4, Hatchery  
  112  7:46  Roach  
  114  7:54  Overseer  
  114  7:58  Roach x6  
  126  7:59  Ravager x5  
  126  8:05  Roach x3  
  137  8:06  Overlord, Ravager  
  137  8:09  Overlord  
  138  8:13  Overlord  
  138  8:14  Overlord  
  138  8:16  Overlord  
  138  8:19  Overlord x2  
  138  8:21  Overlord  
  138  8:24  Centrifical Hooks  
  138  8:29  Ravager  
  138  8:30  Roach x2, Ravager x3  
  146  8:35  Roach x3  
  146  8:40  Roach x3  
  158  8:46  Zergling x2  
  158  8:47  Zergling x10  
  164  8:49  Zergling x2  
  164  8:51  Ravager  
  164  8:54  Zergling x2  
  167  8:55  Zergling x2  
  167  8:56  Zergling x10  
  167  8:59  Zergling x6  
  164  9:05  Zergling x2  
  164  9:06  Ravager  
  164  9:07  Zergling x8  
  164  9:09  Ravager  
  171  9:11  Baneling x9  
  171  9:15  Zergling x4  
  173  9:18  Zergling x4  
  173  9:21  Zergling x4  
  177  9:24  Baneling x11  
  177  9:27  Zergling x6  
  180  9:31  Baneling x5  
  180  9:35  Zergling x8  
  184  9:39  Baneling x5  
  184  9:42  Zergling x8  
  188  9:45  Overseer  
  188  9:51  Zergling x10  
  188  9:54  Zergling x2  
  188  9:55  Zergling x4  
  188  9:59  Zergling x2  
  190  10:00  Zergling x6  
  190  10:03  Zergling x6  
  190  10:06  Zergling x4  
  190  10:07  Zergling x2  
  197  10:14  Zergling x6  
  197  10:16  Baneling x4  
  197  10:19  Baneling x15  
  200  10:21  Zergling x2  
  200  10:26  Baneling  
  200  10:27  Baneling x6  
  200  10:37  Baneling x6  
Tags
 
Add a new tag
Caveats
  • Supply blocks, unpowered buildings, or Contaminate may cause inaccurate times.
  • Supply counts are checked every 10 seconds.